 Dungeon Crawl Stone Soup version 0.30-a0-937-ga0a21ad780 (webtiles) character file.

Game seed: 8297821775197229157

17410 cforsyth the Ogre Mage (level 12, -6/123 (128) HPs)
             Began as an Ogre Summoner on Mar 24, 2023.
             Was an Initiate of Gozag.
             Mangled by a manticore (8 damage)
             ... on level 12 of the Dungeon.
             The game lasted 00:35:08 (12892 turns).

cforsyth the Ogre Mage (Ogre Summoner)             Turns: 12892, Time: 00:35:09

HP:   -6/123 (128)  AC:  7    Str: 15    XL:     12   Next: 47%
MP:   19/28         EV: 12    Int: 26    God:    Gozag
Gold: 1814          SH:  5    Dex: 12    Spells: 22/35 levels left

rFire   + . .      SeeInvis +    q - +8 longbow "Zephyr" {speed, Dex+3 SInv}
rCold   . . .      Faith    .    (shield currently unavailable)
rNeg    . . .      Spirit   .    A - +1 steam dragon scales
rPois   .          Reflect  +    K - +0 hat
rElec   .          Rampage  .    (no cloak)
rCorr   .                        (gloves unavailable)
Will    +....                    (boots unavailable)
Stlth   ++                       r - amulet of reflection
HPRegen 0.40/turn                C - +6 ring of intelligence
MPRegen 0.21/turn                u - ring of protection from fire

@: lightly drained
A: large, unfitting armour, tough skin 1
a: Renounce Religion, Potion Petition, Call Merchant, Bribe Branch


You were on level 12 of the Dungeon.
You worshipped Gozag.
Gozag was most pleased with you.
You visited 2 branches of the dungeon, and saw 13 of its levels.
You also visited: Bailey.

You collected 1983 gold pieces.
You paid 169 gold pieces to Gozag.

Inventory:

Hand Weapons
 p - a +2 war axe of protection
 q - the +8 longbow "Zephyr" (weapon) {speed, Dex+3 SInv}
   (You found it on level 4 of the Dungeon)

   Dex:       It affects your dexterity (+3).
   SInv:      It lets you see invisible.
 t - the +6 trident of Peace {freeze, Drain rC+++ rCorr Dex-5}
   (You found it in a bailey)

   Dex:       It affects your dexterity (-5).
   rC:        It renders you almost immune to cold.
   rCorr:     It protects you from acid and corrosion.
   Drain:     It drains your maximum health when unequipped.
 y - a +4 vampiric quick blade
Armour
 a - a +0 robe
 A - +1 steam dragon scales (worn)
 K - a +0 hat (worn)
Jewellery
 f - a ring of ice
 r - an amulet of reflection (around neck)
 u - a ring of protection from fire (right hand)
 C - a +6 ring of intelligence (left hand)
 L - a +6 ring of strength
 M - an amulet of regeneration
 N - a ring of resist corrosion
 O - a ring of see invisible
 P - a ring of willpower
Wands
 c - a wand of polymorph (8)
 v - a wand of paralysis (18)
 w - a wand of iceblast (3)
Scrolls
 h - 3 scrolls of blinking
 i - a scroll of enchant weapon
 j - 8 scrolls of teleportation
 k - 3 scrolls of enchant armour
 l - a scroll of acquirement
 m - a scroll of amnesia
 o - 2 scrolls of fear
 D - 8 scrolls of identify
 E - 2 scrolls of magic mapping
 G - a scroll of immolation {unknown}
 H - a scroll of fog {unknown}
 J - a scroll of noise {unknown}
Potions
 b - 3 potions of magic
 d - 3 potions of flight
 e - 6 potions of curing
 g - 3 potions of haste
 n - 3 potions of mutation
 s - 3 potions of brilliance
 x - 3 potions of attraction
 z - a potion of heal wounds
 B - a potion of berserk rage
 F - a potion of cancellation {unknown}
 I - a potion of lignification {unknown}


   Skills:
 + Level 10.8 Fighting
 + Level 7.8 Dodging
 - Level 1.4 Stealth
 - Level 12.0 Spellcasting
 - Level 4.0 Hexes
 - Level 10.5 Summonings
 - Level 4.0 Air Magic


You had 22 spell levels left.
You knew the following spells:

 Your Spells              Type           Power      Damage    Failure   Level
a - Summon Small Mammal   Summ           100%       N/A       1%          1
b - Call Imp              Summ           63%        N/A       1%          2
c - Call Canine Familiar  Summ           63%        N/A       1%          3
d - Summon Guardian Gole  Hex/Summ       52%        N/A       1%          3
e - Summon Lightning Spi  Summ/Air       52%        N/A       1%          4

Your spell library contained the following spells:

 Spells                   Type           Power      Damage    Failure   Level
 Ensorcelled Hibernation  Hex/Ice        52%        N/A       2%          2
 Static Discharge         Conj/Air       52%        2-5/arc   2%          2
 Swiftness                Air            36%        N/A       2%          3
 Beastly Appendage        Tmut           30%        N/A       3%          1
 Magic Dart               Conj           60%        1d6       3%          1
 Dazzling Flash           Conj/Hex       52%        N/A       4%          3
 Inner Flame              Hex/Fire       26%        N/A       4%          3
 Portal Projectile        Hex/Tloc       52%        N/A       4%          3
 Vhi's Electric Charge    Tloc/Air       52%        N/A       4%          3
 Passwall                 Tmut/Erth      12%        N/A       5%          2
 Searing Ray              Conj           30%        2d5       5%          2
 Wereblood                Tmut           15%        N/A       5%          2
 Kindle Blastsparks       Fire/Tloc/Air  44%        2d13      6%          3
 Mephitic Cloud           Conj/Pois/Air  22%        N/A       6%          3
 Cause Fear               Hex            18%        N/A       7%          4
 Gell's Gravitas          Tloc           15%        N/A       11%         3
 Ignite Poison            Fire/Tmut/Pois 15%        N/A       11%         3
 Spider Form              Tmut/Pois      15%        N/A       11%         3
 Teleport Other           Tloc           15%        N/A       11%         3
 Fulminant Prism          Conj/Hex       13%        3d8       16%         4
 Leda's Liquefaction      Hex/Erth       13%        N/A       16%         4
 Iskenderun's Mystic Bla  Conj/Tloc      15%        2d5       36%         4
 Arcjolt                  Conj/Air       13%        1d23      41%         5
 Plasma Beam              Fire/Air       13%        2x1d26    41%         5
 Freezing Cloud           Conj/Ice/Air   11%        6-21      52%         5
 Dispersal                Tloc           7%         N/A       99%         6
 Starburst                Conj/Fire      7%         6d4       99%         6
 Discord                  Hex            18%        N/A       100%        8


Dungeon Overview and Level Annotations

Branches:
Dungeon (12/15)            Temple (1/1) D:7            Lair (0/5) D:9
    Orc (0/2) D:12         Bailey (visited)

Altars:
Ashenzari
Elyvilon
Gozag
Ru
Sif Muna
Uskayaw
Vehumet
Yredelemnul
Zin
The Shining One

Shops:
D:12 :


Innate Abilities, Weirdness & Mutations

You are too large for most types of armour.
You have tough skin. (AC +1)


Message History

The orc warrior barely misses you.
Your warg closely misses the manticore.
Casting: Summon Guardian Golem (safe; 1% risk of failure)
Confirm with . or Enter, or press ? or * to list all spells.
A beastly little devil appears in a puff of frigid air.
The vampire mosquito barely misses you.
Your warg closely misses the manticore.
The vampire mosquito bites you but does no damage.
The orc is distracted by your dazzling golden aura.
The orc warrior hits you with a +1 short sword of draining!
You feel drained.
Casting: Call Imp (safe; 1% risk of failure)
Confirm with . or Enter, or press ? or * to list all spells.
The orc shouts!
The vampire mosquito bites you!
The vampire mosquito draws strength from your injuries!
Your warg barely misses the vampire mosquito.
The vampire mosquito bites you but does no damage.
The manticore barely misses you. The manticore claws you!
The manticore misses you. The orc warrior closely misses you.
Your white imp hits the manticore.
Your white imp freezes the manticore.
Casting: Summon Small Mammal (safe; 1% risk of failure)
Confirm with . or Enter, or press ? or * to list all spells.
The vampire mosquito bites you.
The vampire mosquito draws strength from your injuries!
Your warg barely misses the vampire mosquito.
You block the orc warrior's attack. The manticore bites you!
* * * LOW HITPOINT WARNING * * *
The manticore claws you.
* * * LOW HITPOINT WARNING * * *
The manticore claws you!
* * * LOW HITPOINT WARNING * * *
The vampire mosquito bites you but does no damage.
Your warg completely misses the vampire mosquito.
Your white imp barely misses the manticore.
Okay, then.
Unknown command.
The manticore attacks as you move away! The manticore bites you!!
* * * LOW HITPOINT WARNING * * *
The manticore claws you!
You die...
Your body crumbles into a pile of gold.

.. .. $. .....# .. ...
#....# .. ...##....###
########## ..
........... #........#
.. ..........
#........# .> .......95
#........# ..
.....hyH######.#......#
..
...o.bo@r..#...#......#
##
...........#...#......#
).
..##.....).#...#......#
o.
..##.......#...#......#
o.
........####..#####...#
##
..............#.>.#...#
#
..............#...#...#
..............#...'...#
..............#...#...#


You could see a manticore (ally target), an orc warrior (ally target), a vampire
mosquito (ally target), an orc, a friendly guardian golem (summoned), a friendly
warg (summoned, sheltered), a friendly white imp (summoned, sheltered), a
friendly bat (summoned, sheltered) and a friendly rat (summoned, sheltered).

Vanquished Creatures
  A cyclops (D:12)
  An orc sorcerer (Bailey)
  A gargoyle (D:12)
  3 kobold demonologists (D:12)
  A komodo dragon (D:12)
  A troll (D:9)
  A shadow (D:10)
  A vampire (D:12)
  A wyvern (D:10)
  2 yaks (D:8)
  A steam dragon (D:6)
  A vampire mosquito (D:12)
  A water moccasin (D:7)
  5 orc warriors (Bailey)
  2 sky beasts
  An ogre (D:3)
  2 centaurs
  2 phantoms
  A bullfrog (D:8)
  4 kobold brigands
  5 scorpions
  3 killer bees
  4 electric eels (Bailey)
  4 howler monkeys
  2 hounds
  10 orc priests
  2 sleepcaps
  Ijyb (D:5)
  3 iguanas
  8 orc wizards
  3 adders
  A white imp (D:7)
  2 ufetubi (D:4)
  40 orcs
  3 giant cockroaches
  15 goblins
  6 hobgoblins
  13 kobolds
  2 quokkas
  2 ball pythons
  A bat (D:2)
  4 frilled lizards
  A rat (D:3)
168 creatures vanquished.

Vanquished Creatures (collateral kills)
  A death yak (D:9)
  A cyclops (D:11)
  A kobold demonologist (Bailey)
  A troll (D:11)
  A slime creature (D:12)
  7 yaks
  A black bear (D:7)
  2 orc warriors
  2 centaurs
  A kobold brigand (D:11)
  A bullfrog (D:9)
  4 killer bees
  A hound (D:5)
  An orc priest (D:9)
  A sleepcap (D:4)
  An orc wizard (D:7)
  2 adders
  4 gnolls
  An ufetubus (D:5)
  2 orcs
  6 ball pythons
  6 endoplasms
  3 giant cockroaches (D:1)
  2 goblins
  3 hobgoblins
  2 jackals (D:3)
  11 kobolds
  2 quokkas
  9 bats
  A frilled lizard (D:1)
  8 rats
89 creatures vanquished.

Vanquished Creatures (others)
  6 death yaks (D:9)
  2 orc knights (Bailey)
  A komodo dragon (D:11)
  A troll (D:12)
  2 slime creatures (D:12)
  10 yaks
  An acid dragon (D:8)
  A black bear (D:5)
  An ice beast (D:5)
  4 orc warriors
  7 killer bees (D:11)
  An iguana (D:6)
  3 gnolls (Bailey)
  4 hobgoblins (Bailey)
  A kobold (D:11)
45 creatures vanquished.

Grand Total: 302 creatures vanquished

Notes
Turn   | Place    | Note
-------+----------+-------------------------------------------
     0 | D:1      | cforsyth the Ogre Summoner began the quest for the Orb.
     0 | D:1      | Reached XP level 1. HP: 16/16 MP: 3/3
   206 | D:1      | Reached XP level 2. HP: 24/24 MP: 5/5
   235 | D:1      | Learned a level 2 spell: Call Imp
   345 | D:1      | Reached skill level 3 in Spellcasting
   646 | D:1      | Reached XP level 3. HP: 29/31 MP: 1/7
   956 | D:2      | Learned a level 3 spell: Call Canine Familiar
  1099 | D:2      | Reached XP level 4. HP: 17/39 MP: 3/9
  1717 | D:2      | Reached skill level 4 in Spellcasting
  2342 | D:3      | You fall into a shaft and drop 3 floors!
  2462 | D:6      | Learned a level 3 spell: Summon Guardian Golem
  2465 | D:6      | Noticed a scorpion
  2475 | D:6      | Reached XP level 5. HP: 45/45 MP: 5/11
  2524 | D:6      | Noticed a phantom
  2528 | D:5      | Entered Level 5 of the Dungeon
  2697 | D:4      | Found a broken altar of Ashenzari.
  2857 | D:4      | Found the +8 longbow "Zephyr" {speed, Dex+3 SInv}
  2976 | D:4      | Reached skill level 1 in Hexes
  3084 | D:4      | Reached skill level 5 in Summonings
  3084 | D:4      | Reached XP level 6. HP: 53/53 MP: 10/13
  3165 | D:3      | Found a sacrificial altar of Ru.
  3639 | D:3      | Reached skill level 5 in Spellcasting
  4118 | D:5      | Noticed an ice beast
  4136 | D:5      | Reached XP level 7. HP: 59/59 MP: 9/15
  4161 | D:5      | Reached skill level 6 in Spellcasting
  4164 | D:5      | Noticed Ijyb
  4173 | D:5      | Paralysed by Ijyb for 5 turns
  4179 | D:5      | Killed Ijyb
  4407 | D:5      | Reached XP level 8. HP: 67/67 MP: 17/17
  4924 | D:6      | Reached skill level 7 in Spellcasting
  5324 | D:7      | Reached skill level 8 in Spellcasting
  5330 | D:7      | Reached XP level 9. HP: 54/74 MP: 19/21
  5344 | D:7      | Found a flagged portal.
  5353 | Bailey   | Entered a bailey
  5552 | Bailey   | Reached skill level 9 in Spellcasting
  5643 | Bailey   | Noticed an orc knight
  5665 | Bailey   | Killed an orc knight
  5758 | Bailey   | Noticed an orc knight
  5779 | Bailey   | Killed an orc knight
  5780 | Bailey   | Reached skill level 10 in Spellcasting
  5780 | Bailey   | Reached XP level 10. HP: 50/81 MP: 8/24
  5908 | Bailey   | Noticed a kobold demonologist
  5914 | Bailey   | Noticed an orange demon
  5918 | Bailey   | Killed a kobold demonologist
  6122 | Bailey   | Found an iron altar of Okawaru.
  6176 | Bailey   | Noticed an orc sorcerer
  6191 | Bailey   | Killed an orc sorcerer
  6192 | Bailey   | Reached skill level 11 in Spellcasting
  6354 | Bailey   | Identified the +6 trident of Peace {freeze, Drain rC+++
                  | rCorr Dex-5}
  6595 | D:7      | Found a staircase to the Ecumenical Temple.
  6604 | Temple   | Entered the Ecumenical Temple
  6612 | Temple   | Became a worshipper of Gozag Ym Sagoz the Greedy
  7075 | D:8      | Reached skill level 10 in Summonings
  7828 | D:8      | Reached skill level 12 in Spellcasting
  8315 | D:9      | Learned a level 4 spell: Summon Lightning Spire
  8329 | D:9      | Found a radiant altar of Vehumet.
  8456 | D:9      | Reached skill level 1 in Fighting
  8527 | D:9      | Noticed a death yak
  8528 | D:9      | Noticed a death yak
  8529 | D:9      | Noticed a death yak
  8530 | D:9      | Noticed a death yak
  8530 | D:9      | Noticed a death yak
  8530 | D:9      | Noticed a death yak
  8550 | D:9      | Killed a death yak
  8551 | D:9      | Reached skill level 1 in Air Magic
  8551 | D:9      | Reached XP level 11. HP: 83/96 MP: 15/27
  8558 | D:9      | Killed a death yak
  8560 | D:9      | Killed a death yak
  8563 | D:9      | Noticed a death yak
  8570 | D:9      | Killed a death yak
  8595 | D:9      | Killed a death yak
  8596 | D:9      | Reached skill level 5 in Fighting
  8608 | D:9      | Killed a death yak
  8610 | D:9      | Killed a death yak
  8804 | D:9      | Found a staircase to the Lair.
  9054 | D:9      | Identified the +0 sling of Pandemonium {freeze, +Blink}
  9208 | D:9      | Reached skill level 5 in Dodging
  9263 | D:9      | Found a glowing silver altar of Zin.
  9457 | D:10     | Entered Level 10 of the Dungeon
 10776 | D:11     | Reached XP level 12. HP: 122/122 MP: 19/28
 11901 | D:12     | Reached skill level 10 in Fighting
 12059 | D:12     | Found Entemedy's Book Shoppe.
 12269 | D:12     | Found a staircase to the Orcish Mines.
 12269 | D:12     | Found the +5 Force Lance {heavy, knockback}
 12892 | D:12     | HP: 2/123 [manticore (18)]
 12892 | D:12     | Mangled by a manticore

Illustrated notes

Levels and vault maps discovered:
D:1:      psy_arrival_basics, layout_basic, nicolae_grassy_gnolls
D:2:      layout_basic
D:3:      layout_loops_ring, mainiacjoe_overflow_alcove_4, minmay_fountain_box,
          minmay_ogre_servants
D:4:      layout_basic, lemuel_tele_altar
D:5:      layout_basic, uniq_ijyb
D:6:      layout_loops_ring
D:7:      layout_rooms, minmay_temple_entry_glass, enter_bailey_3
D:8:      layout_loops_ring, kennysheep_generic_room_6
D:9:      layout_cave_pods, general_overflow_altar, amcnicky_altar_gilded,
          dpeg_lair_monsters
D:10:     layout_cave_pools, hellmonk_bongcloud_opening
D:11:     layout_layer_cave
D:12:     layout_grid_maze, erik_orc_4, serial_shops, shop
Temple:   nicolae_temple_bog_church

Skill      XL: |  1  2  3  4  5  6  7  8  9 10 11 12 |
---------------+-------------------------------------+-----
Spellcasting   | 3 4 5 6 8 10 12 | 12.0
Summonings     | 4 5 6 7 9 10 | 10.5
Hexes          | 1 2 3 4 |  4.0
Fighting       | 2 8 10 | 10.8
Dodging        | 2 6 7 |  7.8
Air Magic      | 1 4 |  4.0
Stealth        | |  1.4

Action                     |  1- 3 |  4- 6 |  7- 9 | 10-12 || total
---------------------------+-------+-------+-------+-------++-------
  Melee: Unarmed           |    48 |     2 |       |       ||    50
         War axe           |       |     6 |       |       ||     6
   Fire: Longbow           |       |    59 |   148 |   350 ||   557
   Cast: Summon Small Mamm |    26 |    20 |       |     8 ||    54
         Call Imp          |    10 |     9 |     3 |     6 ||    28
         Call Canine Famil |     2 |    19 |    10 |    25 ||    56
         Summon Guardian G |       |     3 |    11 |    39 ||    53
         Summon Lightning  |       |       |       |     2 ||     2
    Use: Scroll            |       |     2 |    16 |     4 ||    22
 Armour: Robe              |    30 |    19 |     2 |       ||    51
         Steam dragon scal |       |       |     3 |    42 ||    45
  Dodge: Dodged            |    50 |    27 |    21 |    72 ||   170
  Block: Other             |       |       |     8 |    39 ||    47
         Reflection        |       |       |       |     4 ||     4

Table legend: (Time is in decaauts)
 A = Elapsed time spent in this place.
 B = Non-inter-level travel time spent in this place.
 C = Inter-level travel time spent in this place.
 D = Time resting spent in this place.
 E = Time spent auto-exploring this place.
 F = Levels seen in this place.
 G = Mean time per level.
                   A        B        C        D        E       F      G
               +--------+--------+--------+--------+--------+-----+--------+
         Total |  12929 |  12531 |    398 |   1738 |   8033 |  14 |  923.5 |
       Dungeon |  11714 |  11324 |    390 |   1340 |   7704 |  12 |  976.2 |
        Temple |     16 |      8 |      8 |      0 |      0 |   1 |   16.0 |
        Bailey |   1197 |   1197 |      0 |    398 |    329 |   1 | 1197.0 |
               +--------+--------+--------+--------+--------+-----+--------+

Top non-repeatable levels by time:
    D:11: 1551 daAuts
     D:9: 1285 daAuts
     D:8: 1258 daAuts
     D:2: 1211 daAuts
  Bailey: 1197 daAuts
    D:12: 1074 daAuts
     D:1: 895 daAuts
     D:3: 841 daAuts
     D:4: 806 daAuts
     D:6: 796 daAuts
    D:10: 687 daAuts
     D:5: 684 daAuts
     D:7: 622 daAuts
  Temple: 16 daAuts
